 Dungeon Crawl Stone Soup version 0.17-a0-1738-g82cdc46 (webtiles) character file.

20 RedzDrunk the Skirmisher (level 2, 0/31 HPs)
             Began as an Ogre Warper on Aug 31, 2015.
             Was an Initiate of Ashenzari.
             Slain by a giant gecko (4 damage)
             ... on level 2 of the Dungeon.
             The game lasted 00:03:07 (1261 turns).

RedzDrunk the Skirmisher (Ogre Warper)              Turns: 1261, Time: 00:03:07

Health: 0/31       AC:  3    Str: 15    XL:     2   Next: 79%
Magic:  5/5        EV: 10    Int: 12    God:    Ashenzari [......]
Gold:   57         SH:  0    Dex:  9    Spells: 1 memorised, 5 levels left

rFire  . . .     SeeInvis .     a - +0 mace
rCold  . . .     Clarity  .     g - +0 robe
rNeg   . . .     SustAt   .     (no shield)
rPois  .         Gourm    .     (helmet restricted)
rElec  .         Spirit   .     (no cloak)
rCorr  .         Warding  .     (gloves unavailable)
rMut   .         Stasis   .     (boots unavailable)
MR     .....                    (no amulet)
Stlth  ..........               (no ring)
                                i - ring of loudness (curse)

@: not resistant to hostile enchantments, extremely unstealthy
A: unfitting armour, tough skin 1
a: Renounce Religion


You were on level 2 of the Dungeon.
You worshipped Ashenzari.
Ashenzari was noncommittal.
You were not hungry.

You visited 1 branch of the dungeon, and saw 2 of its levels.

You collected 57 gold pieces.

Inventory:

Hand weapons
 a - a +0 mace (weapon)
Missiles
 e - 5 tomahawks of dispersal (quivered)
Armour
 g - a +0 robe (worn)
Jewellery
 i - a cursed ring of loudness (left hand)
Scrolls
 b - a scroll of magic mapping {unknown}
 d - a scroll of blinking
 m - a scroll of teleportation {unknown}
 o - a scroll of enchant armour {unknown}
 p - a scroll of recharging {unknown}
Potions
 h - 2 potions of brilliance {unknown}
 l - a potion of lignification {unknown}
 r - a potion of haste {unknown}
 s - a potion of agility {unknown}
 t - a potion of resistance {unknown}
Books
 c - a book of Spatial Translocations

   Spells                             Type                      Level
   a - Apportation                    Translocation                1
   b - Blink                          Translocation                2
   c - Shroud of Golubria             Charms/Translocation         2
   d - Portal Projectile              Translocation                3
   e - Teleport Other                 Translocation                3
   f - Passage of Golubria            Translocation                4
Comestibles
 f - 4 bread rations
 j - 4 meat rations
 k - a royal jelly
 n - 4 fruits
 q - a chunk of flesh


   Skills:
 + Level 3.2 Fighting
 + Level 2.8 Maces & Flails
 + Level 1.4 Throwing
 + Level 2.3 Dodging
 + Level 2.5 Spellcasting
 + Level 2.3 Translocations


You had 5 spell levels left.
You knew the following spells:

 Your Spells              Type           Power        Failure   Level  Hunger
a - Apportation           Tloc           #.........   12%         1    #......


Dungeon Overview and Level Annotations

Branches:
Dungeon (2/15)

Altars:
Ashenzari


Innate Abilities, Weirdness & Mutations

You are too large for most types of armour.
You have tough skin (AC +1).


Message History

The giant gecko closely misses you.
There is a stone staircase leading up here.
The giant gecko barely misses you. The giant gecko closely misses you.
The giant gecko bites you.
* * * LOW HITPOINT WARNING * * *
The giant gecko barely misses you.
You see here an uncursed club.
The giant gecko misses you.
The giant gecko bites you but does no damage.
The giant gecko completely misses you.
The giant gecko hisses menacingly.
The giant gecko completely misses you. The giant gecko closely misses you.
The giant gecko hisses menacingly.
The giant gecko bites you.
* * * LOW HITPOINT WARNING * * *
The giant gecko hisses menacingly.
The giant gecko bites you.
You die...

#.#.#.##.............###.....###.
#..............).....##.......##.
#......[.....<##.#...##..........
#.........#.#.##.#..............#
#.........#.#. #.##...#..g.......
#......%....#. #.#...##........#.
#.............##.#...##........#.
##...###......##.#..###........##
...... ........@ll.g..).........
.....# .......#.#.####..........
.....# .........#)#............#
.....# .............##..........
.#......[#.#.##........[.
....#...................#
.####........#.........##
........(.........##
#.......#.#.....####


You could see 2 giant geckos and a hobgoblin.

Vanquished Creatures
  An ooze (D:2)
  2 goblins
  2 hobgoblins
  2 kobolds
  A quokka (D:2)
  3 bats
  A giant newt (D:1)
  5 rats
17 creatures vanquished.

Notes
Turn   | Place    | Note
--------------------------------------------------------------
     0 | D:1      | RedzDrunk the Ogre Warper began the quest for the Orb.
     0 | D:1      | Reached XP level 1. HP: 22/22 MP: 3/3
   561 | D:1      | Reached XP level 2. HP: 6/29 MP: 5/5
   989 | D:2      | Found a shattered altar of Ashenzari.
  1069 | D:2      | Reached skill level 3 in Fighting
  1144 | D:2      | Became a worshipper of Ashenzari the Shackled
  1261 | D:2      | Slain by a giant gecko

Vault maps used:
D:1:      evilmike_arrival_crescent
D:2:      evilmike_ruin_ashenzari, first_bread

Action                   || total
-------------------------++-------
Melee: Mace              ||    57
  Eat: Chunk             ||     1
